 Dungeon Crawl Stone Soup version 0.26.0-10-g1f06aea511 (webtiles) character file.

Game seed: 6592776717141961848

98 vatarom the Skirmisher (level 4, -2/33 HPs)
             Began as a Demonspawn Abyssal Knight on Jan 18, 2021.
             Was a Believer of Lugonu.
             Slain by a kobold
             ... wielding a +0 short sword
              (4 damage)
             ... on level 3 of the Dungeon.
             The game lasted 00:04:24 (2499 turns).

vatarom the Skirmisher (Demonspawn Abyssal Knight)  Turns: 2499, Time: 00:04:24

Health: -2/33      AC:  5    Str: 12    XL:     4   Next: 43%
Magic:  14/14      EV: 13    Int: 14    God:    Lugonu [**....]
Gold:   152        SH:  0    Dex: 13    Spells: 3/3 levels left

rFire    . . .     SeeInvis .   a - +1 spear
rCold    . . .     Faith    .   (no shield)
rNeg     . . .     Spirit   .   b - +1 leather armour
rPois    .         Reflect  .   i - +0 helmet
rElec    .         Harm     .   (no cloak)
rCorr    .         Rampage  .   (no gloves)
Will     .....                  (no boots)
Stlth    +.........             (no amulet)
HPRegen  0.11/turn              x - ring of magical power
MPRegen  0.14/turn              (no ring)

@: mighty, brilliant, lethally poisoned (-2 -> -22), slowed, very slow
A: claws 1, repulsion field 1, frail 1, no potion heal 1
a: Renounce Religion, Depart the Abyss, Bend Space


You were on level 3 of the Dungeon.
You worshipped Lugonu.
Lugonu was pleased with you.
You visited 1 branch of the dungeon, and saw 3 of its levels.
You visited the Abyss 1 time.

You collected 152 gold pieces.

Inventory:

Hand Weapons
 a - a +1 spear (weapon)
Missiles
 l - 4 boomerangs (quivered)
Armour
 b - a +1 leather armour (worn)
 i - a +0 helmet (worn)
Jewellery
 x - a ring of magical power (left claw)
Wands
 h - a wand of flame (13)
Scrolls
 c - 2 scrolls of enchant armour
 d - 3 scrolls of amnesia {unknown}
 e - 3 scrolls of remove curse {unknown}
 k - a scroll of blinking {unknown}


   Skills:
 + Level 3.8 Fighting
 * Level 3.6 Polearms
 - Level 1.7 Armour
 - Level 0.8 Dodging
 + Level 2.5 Invocations


You had 3 spell levels left.
You didn't know any spells.
Your spell library was empty.

Dungeon Overview and Level Annotations

Branches:
Dungeon (3/15)

Altars:
Makhleb


Innate Abilities, Weirdness & Mutations

You are surrounded by a mild repulsion field. (EV +2)
You have sharp fingernails.
You are frail. (-10% HP)
Potions are less effective at restoring your health.


Message History

You feel clever all of a sudden.
You feel very sick.
It was a potion of might.
You feel very mighty all of a sudden.
You feel very sick.
* * * LOW HITPOINT WARNING * * *
You feel very sick.
You puncture the kobold!
You kill the kobold!
Lugonu accepts your kill.
* * * LOW HITPOINT WARNING * * *
You feel very sick.
Okay, then.
As you read the scroll labelled YQEWNO CURYRESOAKA, it crumbles to dust.
It is a scroll of enchant armour.
Your +0 leather armour glows green for a moment.
* * * LOW HITPOINT WARNING * * *
You feel very sick.
The kobold hits you with a +0 short sword.
You die...

#.# #.# . #.# #.#
#.########.######
#.......<.........
###..#####.#######
##.# #.# #.## #.#
#..####.##
##..@K(..#
######....#
....!.. .......
....... )......
.K..... .......


You could see a kobold.

Vanquished Creatures
  4 adders (D:2)
  An ooze (D:2)
  3 dart slugs
  9 bats
  A giant cockroach (D:2)
  3 goblins (D:2)
  3 hobgoblins
  4 jackals (D:2)
  2 quokkas (D:3)
  A ball python (D:2)
  4 frilled lizards
  14 kobolds
  7 rats
56 creatures vanquished.

Notes
Turn   | Place    | Note
-------+----------+-------------------------------------------
     0 | Abyss:1  | vatarom the Demonspawn Abyssal Knight began the quest for
                  | the Orb.
     0 | Abyss:1  | Reached XP level 1. HP: 18/18 MP: 2/2
    14 | D:1      | Escaped the Abyss
   610 | D:1      | Gained mutation: You are surrounded by a mild repulsion
                  | field. (EV +2) [demonic ancestry]
   610 | D:1      | Reached XP level 2. HP: 24/24 MP: 3/3
  1035 | D:2      | Reached ** piety under Lugonu
  1336 | D:2      | Reached XP level 3. HP: 27/29 MP: 4/4
  2075 | D:2      | Reached XP level 4. HP: 24/37 MP: 5/5
  2465 | D:3      | Found a burning altar of Makhleb.
  2494 | D:3      | Gained mutation: Potions are less effective at restoring
                  | your health. [potion of mutation]
  2494 | D:3      | Gained mutation: You are frail. (-10% HP) [potion of
                  | mutation]
  2494 | D:3      | Gained mutation: You have sharp fingernails. [potion of
                  | mutation]
  2499 | D:3      | Slain by a kobold

Illustrated notes

Levels and vault maps discovered:
D:1:      dpeg_arrival_orchard, layout_loops_ring
D:2:      minmay_chambers_of_twos, layout_basic
D:3:      minmay_skewed_foursquare, layout_rooms, lemuel_doored_altar,
          serial_bayou, serial_bayou_shore_b, serial_bayou_crossing,
          serial_bayou_pond_e, serial_bayou_pond_e, serial_bayou_pond_c,
          uniq_robin

Skill      XL: |  1  2  3 |
---------------+----------+-----
Polearms       | 2 3 |  3.6
Fighting       | |  3.8
Armour         | |  1.7
Dodging        | |  0.8
Invocations    | |  2.5

Action                   |  1- 3 |  4- 6 || total
-------------------------+-------+-------++-------
Melee: Spear             |   165 |    25 ||   190
Throw: Boomerang         |       |    15 ||    15
Evoke: Wand              |     2 |     1 ||     3
  Use: Potion            |       |     3 ||     3
       Scroll            |       |     1 ||     1
 Stab: Sleeping          |     1 |       ||     1
Armor: Leather armour    |    56 |     6 ||    62
Dodge: Dodged            |   125 |    20 ||   145
